 Dungeon Crawl Stone Soup version 0.13-a0-3092-g1832de8 (webtiles) character file.

3647 Misa the Grappler (level 9, -6/87 HPs)
             Began as a Troll Monk on Sept 18, 2013.
             Killed from afar by an orc wizard (8 damage)
             ... with a puff of flame
             ... on Level 8 of the Dungeon.
             The game lasted 00:26:08 (6117 turns).

Misa the Grappler (Troll Monk)                      Turns: 6117, Time: 00:26:08

HP  -6/87        AC  7     Str 26      XL: 9   Next: 78%
MP   3/3         EV  7     Int  6      God:
Gold 185         SH 25     Dex 12      Spells:  0 memorised,  8 levels left

Res.Fire  : . . .   See Invis. : +     - Unarmed
Res.Cold  : . . .   Warding    : .   a - +0 robe
Life Prot.: . . .   Conserve   : .   L - +0 large shield
Res.Poison: .       Res.Corr.  : .   (helmet restricted)
Res.Elec. : .       Clarity    : .   C - +1 cloak
Sust.Abil.: . .     Spirit.Shd : .   (gloves unavailable)
Res.Mut.  : +       Stasis     : .   (boots unavailable)
Res.Rott. : .       Flight     : .   v - amulet of resist mutation
Gourmand  : +                        p - ring of see invisible
                                     c - +2 ring of strength

@: very slightly contaminated, hasted and slowed, slightly resistant to hostile
enchantments, unstealthy
A: unfitting armour, claws 3, fast metabolism 3, gourmand, regeneration 2,
saprovore 2, tough skin 2, AC +1
a: no special abilities


You were on level 8 of the Dungeon.
You were very full.

You visited 2 branches of the dungeon, and saw 9 of its levels.

You collected 329 gold pieces.
You spent 144 gold pieces at shops.

Inventory:

Missiles
 d - 3 darts (quivered)
Armour
 a - a +0 robe (worn)
 C - a +1 cloak (worn)
 L - a +0 large shield (worn)
Magical devices
 g - a wand of frost (0)
 j - a wand of frost (12)
 n - a wand of enslavement (12) {unknown}
 t - a wand of fireball (3) {unknown}
 w - a wand of fireball (3) {unknown}
 y - a wand of slowing (7)
Comestibles
 b - 4 meat rations
 i - 3 apples
 k - a bread ration
 B - a cheese
 J - 2 chunks of giant frog flesh
Scrolls
 l - a scroll of vulnerability {unknown}
 s - 7 scrolls of identify
 u - 3 scrolls of remove curse
 z - a scroll of immolation {unknown}
 A - a scroll of fear
 E - 2 scrolls of teleportation
 F - 2 scrolls of blinking
 G - a scroll of magic mapping
 H - a scroll of curse armour {unknown}
Jewellery
 c - a +2 ring of strength (left claw)
 p - a ring of see invisible (right claw)
 v - an amulet of resist mutation (around neck)
 D - an uncursed ring of protection from cold
 M - an uncursed amulet of faith
Potions
 e - 2 potions of berserk rage {unknown}
 f - a potion of magic {unknown}
 h - a potion of cure mutation {unknown}
 m - a potion of speed
 o - 2 potions of poison {unknown}
 q - 2 potions of brilliance {unknown}
 r - a potion of might {unknown}
 x - a potion of paralysis {unknown}
 I - 2 potions of invisibility {unknown}
 K - 4 potions of curing {unknown}
 N - a potion of restore abilities {unknown}


   Skills:
 + Level 6.3 Fighting
 + Level 6.2 Dodging
 - Level 1.1 Stealth
 * Level 10.7 Unarmed Combat


You had 8 spell levels left.
You didn't know any spells.

Dungeon Overview and Level Annotations

Branches:
Dungeon (8/27)             Temple (1/1) D:5
    Orc: D:6-11        Lair: D:8-13

Altars:
Ashenzari
Cheibriados
Elyvilon
Fedhas
Kikubaaqudgha
Makhleb
Nemelex Xobeh
Okawaru
Sif Muna
Trog
Vehumet
Xom
Yredelemnul
the Shining One

Shops:
D:5 ?   D:6 +   D:7 [   D:8 [


Innate Abilities, Weirdness & Mutations

You are too large for most types of armour.
You have claws for hands.
Your metabolism is lightning-fast.
You like to eat raw meat.
You heal very quickly.
You can eat rotten meat.
You are covered in fur (AC +1).
You have very tough skin (AC +2).


Message History

The manticore flicks its tail!
The volley of spikes hits you!
* * * LOW HITPOINT WARNING * * *
You are very lightly contaminated with residual magic.
You mangle the manticore!!
The manticore begins to bleed from its wounds!
The manticore is severely wounded.
The orc wizard seems to regain its courage.
The orc wizard hits you but does no damage.
Unknown command.
You hit the manticore but do no damage.
The manticore is severely wounded.
The orc wizard points at you and mumbles some strange words.
The puff of flame hits you!
* * * LOW HITPOINT WARNING * * *
The manticore bites you.
* * * LOW HITPOINT WARNING * * *
The manticore barely misses you. The orc wizard casts a spell at you.
The puff of flame hits you!
You die...

....# #.# ....# #.# #...#
#.###### #...# #........
#...# #......... #...#
#.........
....###########.........
.............%...H......#
.........[.....o@)......#
.......###########......#
.####..# ..... .#..'..#
.... .#..#..# ...
.#..#..# . .#..#..#
.#..#..# .#..#..#


You could see a manticore (bleeding) and an orc wizard (invisible).

Vanquished Creatures
  Pikel (D:4)
  A hill giant zombie (D:5)
  Eustachio (D:4)
  3 hippogriffs
  A phantom (D:8)
  3 ogres
  Duvessa (D:4)
  6 giant frogs
  4 killer bees (D:7)
  A goliath beetle (D:6)
  Dowan (D:4)
  3 crimson imps
  6 hounds
  2 quasits
  2 orc priests
  A centaur skeleton (D:6)
  An iguana (D:6)
  6 orc wizards
  2 giant frog skeletons
  A scorpion (D:6)
  7 worker ants
  An ogre zombie (D:6)
  A crocodile skeleton (D:7)
  8 adders
  3 gnolls (D:6)
  A green rat (D:4)
  8 worms
  2 adder zombies (D:6)
  2 grey rats (D:4)
  5 giant geckos
  An ooze (D:1)
  22 orcs
  3 ball pythons
  13 bats
  A bat zombie (D:5)
  16 goblins
  20 hobgoblins
  9 jackals
  6 giant cockroaches
  10 giant newts
  24 kobolds
  A kobold zombie (D:5)
  6 quokkas
  30 rats
247 creatures vanquished.

Vanquished Creatures (others)
  A slave (D:4)
  3 orcs (D:4)
  A giant cockroach (D:4)
5 creatures vanquished.

Grand Total: 252 creatures vanquished

Notes
Turn   | Place    | Note
--------------------------------------------------------------
     0 | D:1      | Misa, the Troll Monk, began the quest for the Orb.
     0 | D:1      | Reached XP level 1. HP: 20/20 MP: 0/0
   155 | D:1      | Reached XP level 2. HP: 22/28 MP: 0/0
   429 | D:1      | Reached XP level 3. HP: 36/36 MP: 1/1
  1045 | D:2      | Reached XP level 4. HP: 44/44 MP: 1/1
  1592 | D:3      | Reached skill level 5 in Unarmed Combat
  2063 | D:3      | Reached XP level 5. HP: 50/50 MP: 1/1
  2505 | D:4      | Noticed Dowan
  2506 | D:4      | Noticed Duvessa
  2519 | D:4      | Killed Duvessa
  2519 | D:4      | Reached skill level 6 in Unarmed Combat
  2519 | D:4      | Reached XP level 6. HP: 24/59 MP: 2/2
  2530 | D:4      | Killed Dowan
  2609 | D:4      | Found a radiant altar of Vehumet.
  2661 | D:4      | Found a burning altar of Makhleb.
  2836 | D:4      | Noticed Eustachio
  2881 | D:4      | Killed Eustachio
  3007 | D:4      | Reached XP level 7. HP: 60/67 MP: 2/2
  3022 | D:4      | Noticed a slave
  3023 | D:4      | Noticed a slave
  3024 | D:4      | Noticed Pikel
  3026 | D:4      | Noticed a slave
  3027 | D:4      | Noticed a slave
  3056 | D:4      | Killed Pikel
  3056 | D:4      | Reached skill level 7 in Unarmed Combat
  3336 | D:5      | Entered Level 5 of the Dungeon
  3355 | D:5      | Reached skill level 8 in Unarmed Combat
  3355 | D:5      | Reached XP level 8. HP: 23/76 MP: 2/2
  3590 | D:4      | Killed a freed slave
  3757 | D:5      | Found a staircase to the Ecumenical Temple.
  3764 | Temple   | Entered the Ecumenical Temple
  3873 | D:5      | Found Ijovafua's Magic Scroll Shoppe.
  3878 | D:5      | Reached skill level 5 in Dodging
  3888 | D:5      | Bought a scroll of teleportation for 36 gold pieces
  3888 | D:5      | Bought a scroll of magic mapping for 42 gold pieces
  3888 | D:5      | Bought a scroll of blinking for 66 gold pieces
  3924 | D:5      | Reached skill level 5 in Fighting
  4085 | D:6      | Found Truek's Book Emporium.
  4181 | D:6      | Reached skill level 9 in Unarmed Combat
  4348 | D:6      | Reached XP level 9. HP: 80/85 MP: 3/3
  5020 | D:7      | Found Istaid's Armour Shoppe.
  5183 | D:7      | Reached skill level 10 in Unarmed Combat
  5614 | D:8      | Found Zeedydie's Armour Shop.
  6117 | D:8      | HP: 2/87 [manticore (4)]
  6117 | D:8      | Killed from afar by an orc wizard

Action                   |  1- 3 |  4- 6 |  7- 9 || total
-------------------------+-------+-------+-------++-------
Melee: Unarmed           |   124 |   245 |   335 ||   704
  Use: Scroll            |       |    10 |     4 ||    14
       Potion            |       |     2 |     1 ||     3
 Stab: Sleeping          |       |     2 |       ||     2
